 Dungeon Sprint DCSS version 0.28.0-49-g6dfe1f597d (webtiles) character file.

Game seed: 10937996844601383469

13470 Revguard the Fighter (level 12, -2/139 HPs)
             Began as an Ogre Gladiator on May 13, 2022.
             Was the Champion of Qazlal.
             Slain by a nargun (5 damage)
             ... while petrified by a nargun
             ... in the Dungeon (Sprint V: "Ziggurat Sprint").
             The game lasted 00:16:57 (1627 turns).

Revguard the Fighter (Ogre Gladiator)               Turns: 1627, Time: 00:16:58

Health: -2/139     AC: 22    Str: 27    XL:     12   Next: 6%
Magic:  25/25      EV:  1    Int: 11    God:    Qazlal [******]
Gold:   0          SH:  0    Dex: 12    Spells: 17/29 levels left

rFire   + + +      SeeInvis .   k - +7 great mace "Firestarter" {inner flame, rF++}
rCold   + + .      Faith    .   (shield currently unavailable)
rNeg    + + +      Spirit   .   G - +5 gold dragon scales
rPois   ∞          Reflect  .   c - +0 hat
rElec   .          Harm     .   (no cloak)
rCorr   .          Rampage  .   (gloves unavailable)
Will    +....      NoTele   +   (boots unavailable)
Stlth   ..........              J - amulet of the acrobat
HPRegen 0.33/turn               q - +6 ring of strength
MPRegen 0.19/turn               K - ring of wizardry

@: petrified, protected from cold, repel missiles
A: large, unfitting armour, tough skin 1
a: Renounce Religion, Upheaval, Elemental Force, Disaster Area


You were in the Dungeon.
You worshipped Qazlal.
Qazlal was exalted by your worship.
You visited 1 branch

Inventory:

Hand Weapons
 a - a +0 flail
 k - the +7 great mace "Firestarter" (weapon) {inner flame, rF++}
   (You found it in the Dungeon)

   It burns those it strikes, dealing additional fire damage.
   It fills those it strikes with an explosive inner flame.
   It grants immunity to clouds of flame.
   rF:        It greatly protects you from fire.
Missiles
 d - 3 throwing nets (quivered)
Armour
 b - a +0 robe
 c - a +0 hat (worn)
 G - +5 gold dragon scales (worn)
Jewellery
 l - a ring of flight
 m - a +6 ring of dexterity
 n - a +6 ring of dexterity
 o - a +6 ring of intelligence
 p - a +6 ring of intelligence
 q - a +6 ring of strength (left hand)
 r - a +6 ring of strength
 H - a ring of protection from cold
 J - an amulet of the acrobat (around neck)
 K - a ring of wizardry (right hand)
 L - the ring "Kisikoukk" {rN+ Str+4 Int-4 Dex+4 SInv}
   (You found it in the Dungeon)

   [ring of see invisible]

   Str:       It affects your strength (+4).
   Int:       It affects your intelligence (-4).
   Dex:       It affects your dexterity (+4).
   rN:        It protects you from negative energy.
   SInv:      It lets you see invisible.
 M - an amulet of guardian spirit
 N - a ring of protection from cold
Wands
 s - a wand of mindburst (5)
 t - a wand of iceblast (7)
 u - a wand of acid (6)
Scrolls
 j - 4 scrolls of blinking
 w - 4 scrolls of amnesia
 x - 8 scrolls of fog
 y - a scroll of holy word
 z - 5 scrolls of identify
 A - 2 scrolls of fear
Potions
 e - 10 potions of curing
 f - 9 potions of heal wounds
 g - 10 potions of haste
 h - 7 potions of magic
 i - 3 potions of berserk rage
 B - 2 potions of brilliance
 C - 2 potions of invisibility
 D - 4 potions of resistance
 F - 5 potions of might
Miscellaneous
 v - a lightning rod (4/4)
 E - a condenser vane (inert)
 I - a tin of tremorstones (2/2)


   Skills:
 + Level 14.0 Fighting
 + Level 10.1 Maces & Flails
 - Level 2.0 Throwing
 + Level 8.8 Armour
 + Level 10.1 Dodging
 + Level 9.2 Spellcasting
 + Level 7.7 Conjurations
 + Level 7.7 Fire Magic
 + Level 7.3 Ice Magic
 + Level 11.5 Invocations
 + Level 8.8 Evocations


You had 17 spell levels left.
You knew the following spells:

 Your Spells              Type           Power      Damage    Failure   Level
a - Fireball              Conj/Fire      11%        3d7       91%         5
b - Ozocubu's Refrigerat  Ice            10%        4d7       100%        7

Your spell library contained the following spells:

 Spells                   Type           Power      Damage    Failure   Level
 Magic Dart               Conj           88%        1d7       9%          1
 Searing Ray              Conj           44%        2d6       14%         2
 Ozocubu's Armour         Ice            21%        N/A       32%         3
 Beastly Appendage        Tmut           10%        N/A       89%         1
 Pain                     Necr           20%        1d5       89%         1
 Iskenderun's Battlesphe  Conj           22%        2d8       91%         5
 Wereblood                Tmut           5%         N/A       96%         2
 Fulminant Prism          Conj/Hex       6%         3d7       98%         4
 Gell's Gravitas          Tloc           5%         N/A       99%         3
 Lesser Beckoning         Tloc           5%         N/A       99%         3
 Spider Form              Tmut/Pois      5%         N/A       99%         3
 Teleport Other           Tloc           5%         N/A       99%         3
 Agony                    Necr           5%         N/A       100%        5
 Excruciating Wounds      Necr           2%         N/A       100%        5
 Summon Forest            Summ/Tloc      2%         N/A       100%        5
 Summon Mana Viper        Hex/Summ       5%         N/A       100%        5
 Conjure Ball Lightning   Conj/Air       6%         3x3d6     100%        6
 Iron Shot                Conj/Erth      6%         9d2       100%        6
 Summon Cactus Giant      Summ           2%         N/A       100%        6
 Orb of Destruction       Conj           11%        9d6       100%        7
 Spellforged Servitor     Conj/Summ      6%         N/A       100%        7


Dungeon Overview and Level Annotations

Branches:
Dungeon (1/1)

Altars:
Ashenzari
Cheibriados
Dithmenos
Elyvilon
Fedhas
Gozag
Hepliaklqana
Kikubaaqudgha
Makhleb
Nemelex Xobeh
Okawaru
Qazlal
Ru
Sif Muna
Trog
Uskayaw
Vehumet
Wu Jian
Xom
Yredelemnul
Zin
The Shining One
Beogh
Jiyva
Lugonu

Annotations:
D 1 transporter


Innate Abilities, Weirdness & Mutations

You are too large for most types of armour.
You have tough skin. (AC +1)


Message History

You kill the hellion!
Qazlal accepts your kill.
The nargun is engulfed in blazing flames. x2
The Ice Fiend is engulfed in blazing flames.
The Ice Fiend gestures at you.
The bolt of cold hits the wendigo.
The wendigo completely resists.
You hear a sizzling sound!
You barely resist.
Your Fighting skill increases to level 14!
The nargun is engulfed in blazing flames. x3
The Ice Fiend is engulfed in blazing flames.
The wendigo fires a burst of electricity at you.
The stunning burst hits you.
You suddenly lose the ability to move!
The nargun is engulfed in blazing flames.
You barely resist.
The nargun is engulfed in blazing flames.
The nargun hits you but does no damage.
The nargun bites you but does no damage.
The nargun hits you but does no damage.
The nargun bites you but does no damage.
The Ice Fiend is engulfed in blazing flames.
The Ice Fiend gestures at you.
The bolt of cold hits the nargun.
The nargun completely resists.
You hear a sizzling sound!
You barely resist. The Ice Fiend gestures at you.
The bolt of cold hits the nargun.
The nargun completely resists.
The bolt of cold hits you! You resist.
* * * LOW HITPOINT WARNING * * *
The nargun is engulfed in blazing flames.
You barely resist.
The nargun is engulfed in blazing flames.
The nargun hits you but does no damage. The nargun bites you!!
* * * LOW HITPOINT WARNING * * *
The nargun freezes you!! You resist.
You feel protected from cold.
* * * LOW HITPOINT WARNING * * *
The nargun is engulfed in blazing flames.
The nargun hits you but does no damage. The nargun bites you!
You die...

▓▓▓▓▓▓▓▓▓▓▓▓
▓...8§8§..▓...8©8...▓.
▓..§§§§§§.▓..}[..[..▓.
▓..§§§§§§.▓..[)|)[..▓.
▓..§§§§§§§▓....)....▓.
▓..§§§§9§§▓.........▓.
▓...°1§§§§▓..))(....▓.
▓..R99.§..▓....))...▓.
▓..▓§@§▓..▓..)).)...▓.
▓.▓...§.▓.▓.▓.....▓.▓.
▓...°©....▓....©....▓▓
▓▓▓▓▓▓▓▓▓▓▓▓▓▓▓▓▓▓▓▓▓


You could see an Ice Fiend, a wendigo and 3 narguns.

Vanquished Creatures
  A vault warden (D)
  7 vault guards (D)
  An ironbound convoker (D)
  A vault sentinel (D)
  A hellion (D)
  2 yaktaurs (D)
  3 hornets (D)
  6 spriggans (D)
  A ynoxinul (D)
  A golden eye (D)
  A neqoxec (D)
  4 black bears (D)
  2 necrophages (D)
  4 wolves (D)
  2 phantoms (D)
  4 wights (D)
  A crimson imp (D)
  2 jellies (D)
  An orc priest (D)
  An orc wizard (D)
  4 mummies (D)
  2 adders (D)
  A shadow imp (D)
  A white imp (D)
  3 bat zombies (D)
  2 ball pythons (D)
  2 ball python simulacra (D)
  A ball python skeleton (D)
  A giant cockroach zombie (D)
  A jackal simulacrum (D)
  A jackal skeleton (D)
  2 quokka simulacra (D)
67 creatures vanquished.

Vanquished Creatures (collateral kills)
  A vault warden (D)
  A stone giant (D)
  An ironbound thunderhulk (D)
  An ironbound convoker (D)
  A yaktaur (D)
5 creatures vanquished.

Vanquished Creatures (others)
  A jackal simulacrum (D)
1 creature vanquished.

Grand Total: 73 creatures vanquished

Notes
Turn   | Place    | Note
-------+----------+-------------------------------------------
     0 | D        | Revguard the Ogre Gladiator began the quest for the Orb.
     0 | D        | Reached XP level 1. HP: 22/22 MP: 1/1
     0 | D        | Found a blossoming altar of Fedhas.
     0 | D        | Found the +6 Majin-Bo {vamp, MP+6 Int+6}
     0 | D        | Found the +9 heavy crossbow "Sniper" {vorpal, Acc+∞ SInv}
     0 | D        | Found the +10 dark maul {vorpal}
     0 | D        | Found the +15 Maxwell's patent armour {-Cast -Tele rElec
                  | Will+ rCorr}
     0 | D        | Found the +18 shield of the Gong {rElec rN+ Will+ EV-5}
     0 | D        | Found the +14 obsidian axe {vorpal, Mesm Drain Fly SInv}
     0 | D        | Found the +7 great mace "Firestarter" {inner flame, rF++}
     0 | D        | Found the +6 shillelagh "Devastator" {shatter}
     0 | D        | Found the +11 plutonium sword {Contam Stlth-}
     0 | D        | Found the +8 lance "Wyrmbane" {slay drac, rPois rF+ rC+
                  | AC+3}
     0 | D        | Found the +9 sword of Zonguldrok {reap}
     0 | D        | Found the +13 scythe of Curses {drain, Drain}
     0 | D        | Found the +5 sword of Power {vorpal}
     0 | D        | Found the +7 mace of Variability {chain chaos}
     0 | D        | Found the +7 Singing Sword {vorpal, sonic wave}
     0 | D        | Found the +8 storm bow {elec, penet}
     1 | D        | Found a transporter.
     1 | D        | Found a viscous altar of Jiyva.
     1 | D        | Found an ancient bone altar of Kikubaaqudgha.
     1 | D        | Found a hazy altar of Hepliaklqana.
     1 | D        | Found a corrupted altar of Lugonu.
     1 | D        | Found an opulent altar of Gozag.
     1 | D        | Found a burning altar of Makhleb.
     4 | D        | Found a stormy altar of Qazlal.
     4 | D        | Found a sacrificial altar of Ru.
     4 | D        | Found an iron altar of Okawaru.
     4 | D        | Found a shimmering blue altar of Sif Muna.
     4 | D        | Found a sparkling altar of Nemelex Xobeh.
     4 | D        | Found a bloodstained altar of Trog.
     5 | D        | Banished a spatial maelstrom
   115 | D        | Became a worshipper of Qazlal Stormbringer
   120 | D        | Reached skill level 4 in Fighting
   120 | D        | Reached XP level 2. HP: 33/33 MP: 1/4
   171 | D        | Entered arena 2.
   171 | D        | Found a transporter.
   176 | D        | Reached skill level 5 in Fighting
   176 | D        | Reached XP level 3. HP: 28/44 MP: 5/5
   176 | D        | Reached XP level 4. HP: 34/52 MP: 6/6
   282 | D        | Entered arena 3.
   282 | D        | Noticed a golden eye
   282 | D        | Found a transporter.
   284 | D        | Killed a golden eye
   284 | D        | Reached * piety under Qazlal
   285 | D        | Reached skill level 7 in Fighting
   285 | D        | Reached skill level 5 in Maces & Flails
   285 | D        | Reached skill level 5 in Dodging
   285 | D        | Reached skill level 5 in Invocations
   285 | D        | Reached XP level 5. HP: 62/62 MP: 6/8
   286 | D        | Reached XP level 6. HP: 59/71 MP: 6/10
   318 | D        | Entered arena 4.
   318 | D        | Found a transporter.
   320 | D        | Reached ** piety under Qazlal
   324 | D        | Reached skill level 8 in Fighting
   330 | D        | Entered arena 5.
   330 | D        | Noticed a necrophage
   330 | D        | Noticed a necrophage
   330 | D        | Found a transporter.
   331 | D        | Reached *** piety under Qazlal
   336 | D        | Killed a necrophage
   340 | D        | Killed a necrophage
   341 | D        | Reached XP level 7. HP: 64/81 MP: 11/11
   344 | D        | Reached skill level 9 in Fighting
   344 | D        | Reached skill level 5 in Evocations
   357 | D        | Entered arena 6.
   357 | D        | Found a transporter.
   360 | D        | Reached **** piety under Qazlal
   362 | D        | Reached skill level 5 in Armour
   377 | D        | Entered arena 7.
   377 | D        | Noticed a ynoxinul
   377 | D        | Noticed a neqoxec
   378 | D        | Found a transporter.
   380 | D        | Reached ***** piety under Qazlal
   381 | D        | Reached skill level 1 in Spellcasting
   381 | D        | Reached skill level 1 in Conjurations
   381 | D        | Reached skill level 1 in Fire Magic
   381 | D        | Killed a neqoxec
   384 | D        | Killed a ynoxinul
   385 | D        | Reached XP level 8. HP: 71/92 MP: 13/13
   391 | D        | Learned a level 5 spell: Fireball
   399 | D        | Learned a level 7 spell: Ozocubu's Refrigeration
   407 | D        | Entered arena 8.
   407 | D        | Noticed a spriggan rider
   407 | D        | Noticed a spriggan
   407 | D        | Noticed a spriggan rider
   408 | D        | Found a transporter.
   412 | D        | Killed a spriggan
   412 | D        | Reached ****** piety under Qazlal
   412 | D        | Killed a hornet
   413 | D        | Reached skill level 10 in Fighting
   414 | D        | Killed a spriggan
   415 | D        | Reached XP level 9. HP: 20/102 MP: 13/15
   420 | D        | Killed a spriggan rider
   420 | D        | Killed a hornet
   421 | D        | Reached skill level 5 in Spellcasting
   719 | D        | Entered arena 9.
   719 | D        | Noticed an ironbound convoker
   719 | D        | Noticed a vault sentinel
   719 | D        | Noticed a yaktaur
   719 | D        | Noticed an ironbound thunderhulk
   719 | D        | Noticed a vault warden
   719 | D        | Noticed an ironbound convoker
   719 | D        | Noticed a vault warden
   720 | D        | Found a transporter.
   722 | D        | Killed a yaktaur
   723 | D        | Reached skill level 11 in Fighting
   724 | D        | Killed a vault warden
   724 | D        | Killed an ironbound convoker
   725 | D        | Reached skill level 5 in Conjurations
   725 | D        | Reached skill level 5 in Fire Magic
   725 | D        | Reached XP level 10. HP: 28/115 MP: 3/19
   725 | D        | Killed an ironbound thunderhulk
   725 | D        | Killed a vault warden
   725 | D        | Killed an ironbound convoker
   726 | D        | Reached skill level 12 in Fighting
   726 | D        | Reached skill level 5 in Ice Magic
   726 | D        | Reached skill level 10 in Invocations
   728 | D        | Killed a vault sentinel
  1140 | D        | Entered arena 10.
  1140 | D        | Noticed a spriggan rider
  1141 | D        | Found a transporter.
  1146 | D        | Reached XP level 11. HP: 106/124 MP: 20/22
  1166 | D        | Entered arena 11.
  1166 | D        | Found the +3 salamander hide armour {Flames rF++ rC--}
  1167 | D        | Found a transporter.
  1186 | D        | Got the ring "Kisikoukk" {rN+ Str+4 Int-4 Dex+4 SInv}
  1247 | D        | Entered arena 12.
  1247 | D        | Noticed a vault guard
  1247 | D        | Noticed a vault guard
  1247 | D        | Noticed a vault guard
  1247 | D        | Noticed a vault guard
  1247 | D        | Noticed a stone giant
  1247 | D        | Noticed a vault guard
  1248 | D        | Identified the +5 chain mail of Gestures {-Tele rPois Dex+4
                  | SInv}
  1248 | D        | Noticed a vault guard
  1248 | D        | Noticed a vault guard
  1249 | D        | Found a transporter.
  1253 | D        | Killed a vault guard
  1253 | D        | Killed a vault guard
  1253 | D        | Killed a vault guard
  1253 | D        | Killed a vault guard
  1253 | D        | Killed a vault guard
  1254 | D        | Reached skill level 13 in Fighting
  1254 | D        | Killed a vault guard
  1255 | D        | Killed a stone giant
  1256 | D        | Reached skill level 10 in Maces & Flails
  1256 | D        | Reached skill level 10 in Dodging
  1259 | D        | Killed a vault guard
  1260 | D        | Reached XP level 12. HP: 23/137 MP: 11/25
  1617 | D        | Entered arena 13.
  1617 | D        | Noticed an Ice Fiend
  1617 | D        | Noticed a nargun
  1618 | D        | Noticed a nargun
  1618 | D        | Noticed a wendigo
  1618 | D        | Noticed a nargun
  1619 | D        | Found a transporter.
  1623 | D        | Reached skill level 14 in Fighting
  1623 | D        | Paralysed by a wendigo for 1 turns
  1626 | D        | HP: 2/139 [nargun (12)]
  1627 | D        | Slain by a nargun

Illustrated notes

Levels and vault maps discovered:
D:        sprint_v [room_start, room_1, room_2, room_3, room_4, room_5, room_6,
          room_7, room_8, room_9, room_10, room_11, room_12, room_13, room_14,
          room_15, room_16, room_17, room_18, room_19, room_20, room_21,
          room_22, room_23, room_24, room_25, room_26, room_27]

Skill      XL: |  1  2  3  4  5  6  7  8  9 10 11 12 |
---------------+-------------------------------------+-----
Fighting       | 4 5 7 8 9 10 11 12 13 14 | 14.0
Maces & Flails | 3 4 5 6 7 8 9 10 | 10.1
Armour         | 2 3 4 5 6 7 8 |  8.8
Dodging        | 3 4 5 6 7 8 9 10 | 10.1
Invocations    | 3 5 6 7 8 9 10 11 | 11.5
Evocations     | 2 3 4 5 6 7 8 |  8.8
Spellcasting   | 2 4 6 7 9 |  9.2
Conjurations   | 2 3 5 6 7 |  7.7
Fire Magic     | 2 3 5 6 7 |  7.7
Ice Magic      | 2 4 5 7 |  7.3
Throwing       | |  2.0

Action                   |  1- 3 |  4- 6 |  7- 9 | 10-12 || total
-------------------------+-------+-------+-------+-------++-------
Melee: Great mace        |     3 |    16 |    16 |    25 ||    60
Invok: Elemental Force   |       |       |     1 |     1 ||     2
       Disaster Area     |       |       |     1 |     1 ||     2
Evoke: Tin of tremorston |       |       |     2 |       ||     2
       Wand              |       |       |     3 |       ||     3
       Condenser vane    |       |       |     1 |     2 ||     3
  Use: Potion            |     1 |       |       |     1 ||     2
Armor: Gold dragon scale |     5 |    16 |    19 |    40 ||    80
Dodge: Dodged            |       |     4 |    16 |    18 ||    38
       Repelled          |       |       |     1 |       ||     1
Block: Other             |       |     5 |    10 |    14 ||    29
